 Dungeon Crawl Stone Soup version 0.21.1-1-g345015f (webtiles) character file.

929 letownia2 the Poker (level 8, 22/54 HPs)
             Began as a Merfolk Wizard on Mar 19, 2018.
             Quit the game on level 5 of the Dungeon.
             The game lasted 00:17:17 (2230 turns).

letownia2 the Poker (Merfolk Wizard)                Turns: 2230, Time: 00:17:18

Health: 22/54      AC:  3    Str:  9    XL:     8   Next: 11%
Magic:  2/16       EV: 13    Int: 17    God:
Gold:   105        SH:  0    Dex: 13    Spells: 7/18 levels left

rFire    . . .     SeeInvis .   a - +0 spear
rCold    . . .     Gourm    +   (no shield)
rNeg     . . .     Faith    .   f - +0 robe
rPois    .         Spirit   .   b - +0 hat
rElec    .         Reflect  .   (no cloak)
rCorr    +         Harm     .   (no gloves)
MR       .....                  J - +0 pair of boots
Stlth    ++........             t - amulet of the gourmand
HPRegen  0.18/turn              o - ring of resist corrosion
MPRegen  0.15/turn              x - ring of flight

@: about to teleport
A: change form in water, swift swim, stealthy swim
a: Evoke Flight


You were on level 5 of the Dungeon.
You were very full.

You visited 1 branch of the dungeon, and saw 6 of its levels.

You collected 160 gold pieces.
You spent 55 gold pieces at shops.

Inventory:

Hand Weapons
 a - a +0 spear (weapon)
 c - a +1 blowgun
 g - a +0 dagger
 r - a +0 falchion
 y - a +0 hunting sling
Missiles
 k - 29 sling bullets
 m - 4 curare-tipped needles
 w - 12 poisoned needles
 A - 6 tomahawks (quivered)
Armour
 b - a +0 hat (worn)
 f - a +0 robe (worn)
 n - a +0 scale mail
 I - a +0 leather armour
 J - a +0 pair of boots (worn)
Jewellery
 o - a ring of resist corrosion (left hand)
 t - an amulet of the gourmand (around neck)
 x - a ring of flight (right hand)
Scrolls
 e - a scroll of teleportation
 h - a scroll of immolation
 i - 2 scrolls of identify
 j - a scroll of amnesia
 G - a scroll of remove curse
Potions
 p - a potion of ambrosia
 q - 3 potions of curing {unknown}
 s - a potion of brilliance {unknown}
 v - a potion of agility {unknown}
 B - a potion of flight {unknown}
 D - 2 potions of heal wounds
 E - a potion of degeneration {unknown}
 F - a potion of mutation {unknown}
 H - a potion of haste
 K - 2 potions of might {unknown}
Books
 l - a book of Minor Magic

   Spells                             Type                      Level
   a - Magic Dart                     Conjuration                  1
   b - Blink                          Translocation                2
   c - Call Imp                       Summoning                    2
   d - Slow                           Hexes                        2
   e - Conjure Flame                  Conjuration/Fire             3
   f - Mephitic Cloud                 Conjuration/Poison/Air       3
Comestibles
 d - 8 rations


   Skills:
 + Level 1.1 Fighting
 - Level 7.8 Polearms
 - Level 2.6 Dodging
 - Level 2.1 Stealth
 - Level 5.8 Spellcasting
 - Level 1.7 Conjurations
 - Level 1.6 Summonings
 - Level 0.7 Translocations
 - Level 0.8 Fire Magic
 - Level 1.2 Air Magic
 - Level 1.9 Poison Magic


You had 7 spell levels left.
You knew the following spells:

 Your Spells              Type           Power        Failure   Level  Hunger
a - Magic Dart            Conj           ##..         6%          1    None
b - Blink                 Tloc           N/A          14%         2    #......
c - Conjure Flame         Conj/Fire      #.......     22%         3    ##.....
e - Mephitic Cloud        Conj/Pois/Air  ##......     21%         3    ##.....
i - Call Imp              Summ           ##......     10%         2    #......


Dungeon Overview and Level Annotations

Branches:
Dungeon (6/15)
 Temple: D:4-7

Altars:
Elyvilon
Nemelex Xobeh
Xom

Shops:
D:4 (   D:5 *

Annotations:
D:4 exclusion: slave, Pikel


Message History

As you read the scroll labeled VEINKE IFOUNN, it crumbles to dust.
It is a scroll of enchant weapon.
Your +0 blowgun glows red for a moment.
As you read the scroll labeled OJUOPLEAME, it crumbles to dust.
The scroll dissolves into smoke.
It was a scroll of fog.
As you read the scroll labeled XUUMER MATUORE, it crumbles to dust.
You feel aware of your surroundings.
You sensed 1 altar.
It was a scroll of magic mapping.
As you read the scroll labeled BIUXZU IWNIDD, it crumbles to dust.
It is a scroll of amnesia.
Okay, then.
Unknown command.
As you read the scroll labeled ATIH PIOSONG, it crumbles to dust.
You feel as if something is helping you.
It was a scroll of remove curse.
As you read the scroll labeled QAOKOT ILASA, it crumbles to dust.
The air around you briefly surges with heat, but it dissipates.
It was a scroll of immolation.
As you read the scroll labeled WOPTOIMUAMM, it crumbles to dust.
You feel strangely unstable.
It was a scroll of teleportation.
Are you sure you want to abandon this character and quit the game? (Confirm with "yes".)

.....(.......## #.# #......
..........##.########.#####......
####.....##....♣.................
.............♣.∩.♣*##.#..........
......##.####.#♣## ##.#......≈...
...#####..###.## ##.............
#### ##.(...§####...#..≈≈≈≈.... #
######§§§§§..##≈≈≈≈.≈≈≈§≈
######## ####§§@§§...#≈≈.≈≈≈≈≈≈≈
.......####...§§§§§...#.≈≈≈≈≈≈≈≈§
######......####§§§...#..≈≈≈≈≈≈§≈
##.......####......#...≈≈≈≈§≈≈
####..#####.)..#...........≈≈≈§≈≈
.....#########.#.........≈≈≈≈≈§≈.
.....................##..≈≈≈≈≈≈..
################.....##.≈≈≈≈≈≈...
# #.....##..≈≈≈≈....


There were no monsters in sight!

Vanquished Creatures
  Eustachio (D:5)
  Menkaure (D:6)
  An ice beast (D:5)
  A phantom (D:5)
  A sky beast (D:5)
  An ogre (D:5)
  A centaur (D:5)
  A hound (D:5)
  A jelly (D:5)
  An orc priest (D:5)
  3 adders
  2 oozes
  An adder skeleton (D:5)
  4 orcs
  A ball python (D:5)
  3 bats
  5 giant cockroaches
  4 goblins
  A hobgoblin (D:3)
  4 kobolds
  2 frilled lizards
  4 rats
44 creatures vanquished.

Vanquished Creatures (collateral kills)
  A scorpion (D:5)
  A crimson imp (D:5)
  A hound (D:5)
  An iguana (D:4)
  A worker ant (D:5)
  2 adders (D:2)
  An ooze (D:2)
  2 orcs
  A hobgoblin (D:2)
  A quokka (D:5)
12 creatures vanquished.

Vanquished Creatures (others)
  An ogre (D:5)
  A howler monkey (D:5)
  2 orcs (D:5)
  A jackal skeleton (D:5)
  A leopard gecko zombie (D:5)
6 creatures vanquished.

Grand Total: 62 creatures vanquished

Notes
Turn   | Place    | Note
-------+----------+-------------------------------------------
     0 | D:1      | letownia2 the Merfolk Wizard began the quest for the Orb.
     0 | D:1      | Reached XP level 1. HP: 13/13 MP: 4/4
    36 | D:2      | Reached skill level 1 in Conjurations
    72 | D:2      | Reached skill level 1 in Polearms
   115 | D:2      | Found a sparkling altar of Nemelex Xobeh.
   153 | D:2      | Reached XP level 2. HP: 19/19 MP: 0/6
   161 | D:2      | Learned a level 2 spell: Call Imp
   175 | D:1      | Reached skill level 2 in Polearms
   296 | D:2      | Reached XP level 3. HP: 17/24 MP: 0/7
   327 | D:2      | Learned a level 3 spell: Mephitic Cloud
   589 | D:4      | Found Ohiufirph's Antique Weapon Emporium.
   654 | D:4      | Reached XP level 4. HP: 24/30 MP: 2/8
   720 | D:2      | Reached skill level 1 in Poison Magic
   781 | D:3      | Learned a level 3 spell: Conjure Flame
   799 | D:4      | Noticed Pikel
   799 | D:4      | Noticed a slave
   799 | D:4      | Noticed a slave
   799 | D:4      | Noticed a slave
   799 | D:4      | Noticed a slave
  1035 | D:5      | Entered Level 5 of the Dungeon
  1035 | D:5      | Noticed a phantom
  1035 | D:5      | Noticed a centaur
  1372 | D:5      | Killed an ogre
  1383 | D:5      | Reached skill level 1 in Air Magic
  1385 | D:5      | Noticed an ice beast
  1413 | D:5      | Reached XP level 5. HP: 27/35 MP: 1/10
  1431 | D:5      | Killed an ice beast
  1431 | D:5      | Reached skill level 3 in Polearms
  1431 | D:5      | Reached XP level 6. HP: 34/41 MP: 0/11
  1456 | D:5      | Reached skill level 4 in Polearms
  1463 | D:5      | Learned a level 2 spell: Blink
  1520 | D:5      | Found a white marble altar of Elyvilon.
  1663 | D:5      | Found Fasmaa's General Store.
  1707 | D:5      | Killed a phantom
  1707 | D:5      | Reached skill level 5 in Polearms
  1737 | D:5      | Bought a potion of heal wounds for 55 gold pieces
  1771 | D:5      | Found a shimmering altar of Xom.
  1838 | D:5      | Reached XP level 7. HP: 30/46 MP: 7/14
  1875 | D:6      | Noticed Menkaure
  1891 | D:6      | Killed Menkaure
  1891 | D:6      | Reached skill level 6 in Polearms
  1891 | D:6      | Reached skill level 5 in Spellcasting
  1936 | D:5      | Noticed Eustachio
  1969 | D:5      | Killed Eustachio
  1969 | D:5      | Reached skill level 7 in Polearms
  2131 | D:5      | Reached XP level 8. HP: 16/52 MP: 5/16
  2173 | D:5      | Reached skill level 1 in Fighting
  2230 | D:5      | Quit the game

Skill      XL: |  1  2  3  4  5  6  7  8 |
---------------+-------------------------+-----
Conjurations   | 1 |  1.7
Polearms       | 1 2 3 5 7 |  7.8
Poison Magic   | 1 |  1.9
Air Magic      | 1 |  1.2
Spellcasting   | 4 5 |  5.8
Fighting       | 1 |  1.1
Dodging        | |  2.6
Stealth        | |  2.1
Summonings     | |  1.6
Translocations | |  0.7
Fire Magic     | |  0.8

Action                   |  1- 3 |  4- 6 |  7- 9 || total
-------------------------+-------+-------+-------++-------
Melee: Spear             |    63 |    82 |    31 ||   176
 Fire: Blowgun           |       |    14 |     9 ||    23
Throw: Tomahawk          |       |     5 |     7 ||    12
 Cast: Magic Dart        |    35 |    26 |     3 ||    64
       Call Imp          |     5 |    11 |     6 ||    22
       Mephitic Cloud    |       |     3 |     9 ||    12
       Conjure Flame     |       |     3 |     1 ||     4
  Use: Potion            |       |     1 |       ||     1
       Scroll            |       |       |     8 ||     8
 Stab: Sleeping          |     2 |     3 |       ||     5
       Confused          |       |     2 |     3 ||     5
  Eat: Chunk             |       |    11 |     6 ||    17
Armor: Robe              |    13 |     5 |       ||    18
Dodge: Dodged            |    37 |    59 |     8 ||   104
